[Event "*** SCC Grand Prix: Titled Tuesday Blitz"]
[Site "Chess.com"]
[Date "2020.08.25"]
[Round "8"]
[White "Misticpikachu"]
[Black "RodinMihail"]
[Result "0-1"]
[WhiteElo "2318"]
[BlackElo "2489"]
[TimeControl "180+1"]
[EndTime "11:37:12 PDT"]
[Termination "RodinMihail won on time"]

1. c4 e6 2. Nf3 d5 3. e3 Nf6 4. Nc3 c6 5. b3 Nbd7 6. Bb2 Bd6 7. Qc2 O-O 8. Rg1 e5 9. g4 e4 10. Nd4 Ne5 11. Be2 Bxg4 12. Bxg4 Nexg4 13. h3 Ne5 14. O-O-O Nd3+ 15. Kb1 Be5 16. Nf5 g6 17. f4 Nxb2 18.
fxe5 Nxd1 19. Qxd1 Nd7 20. Qh5 Kh8 21. Qh6 Rg8 22. Nd6 Nxe5 23. c5 Qf6 24. Kc2 b6 25.
Rg5 bxc5 26. Rh5 Rg7 27. Ncxe4 dxe4 28. Nxe4 Qe6 29. Ng5 gxh5 30. Nxe6 fxe6 31. Qxe6 Ng6 32. Qxc6 Rf8 33. Qd5 Rgf7 34. Qxh5 Rf5 35. Qh6 Kg8 36. a3 a5 37. e4 Rf2 38. Qe3 Rh2 39. Qxc5 Rd8 40.
Qc4+ Kg7 41. Qc3+ Kh6 42. Qe3+ Kg7 43. Qc3+ Kf7 44. Qc7+ Ke8 45. Qxh2 Ke7 46. Qe2 Ke6 47. Qe3 Rc8+ 0-1

[Event "*** SCC Grand Prix: Titled Tuesday Blitz"]
[Site "Chess.com"]
[Date "2020.08.25"]
[Round "8"]
[White "eCztery"]
[Black "Spriteball"]
[Result "1-0"]
[WhiteElo "2411"]
[BlackElo "2234"]
[TimeControl "180+1"]
[EndTime "11:37:12 PDT"]
[Termination "eCztery won on time"]

1. e4 c5 2. Nf3 d6 3. d4 cxd4 4. Nxd4 Nf6 5. f3 e6 6. c4 Be7 7.
Nc3 O-O 8. Be3 Nbd7 9. Be2 a6 10.
O-O Qc7 11. Rc1 b6 12. Kh1 Bb7 13. Bg1 Rfd8 14. Qe1 Rac8 15. g4 Ne5 16. Qg3 Nxc4 17. Bxc4 Qxc4 18. g5 Nd7 19. Nd5 Bxd5 20. Rxc4 Bxc4 21.
Rc1 Bxa2 22. Rxc8 Rxc8 23. b3 Ne5 24. f4 Nd7 25. f5 Nc5 26. f6 Bf8 27. Qc3 Bb1 28.
Be3 Bxe4+ 29. Kg1 Bb7 30. Qb4 b5 31. h4 Nd3 32. Qd2 Ne5 33. h5 Be4 34. h6 g6 35. Bf4 Nd7 36. Qe2 Bd5 37. Bd2 e5 38. Nf3 Nc5 39. Ne1 Nxb3 40. Nd3 Nxd2 41. Qxd2 Be6 42.
Nb4 a5 43. Na6 b4 44. Qg2 b3 45. Qb7 a4 46. Nc7 Bf5 47. Nd5 Be6 48. Ne7+ Bxe7 49. fxe7 Re8 50. Qc6 Rb8 51. Qxd6 1-0

[Event "*** SCC Grand Prix: Titled Tuesday Blitz"]
[Site "Chess.com"]
[Date "2020.08.25"]
[Round "8"]
[White "AntonovaNadezhda"]
[Black "chessfrendz"]
[Result "1-0"]
[WhiteElo "2064"]
[BlackElo "2212"]
[TimeControl "180+1"]
[EndTime "11:37:12 PDT"]
[Termination "AntonovaNadezhda won on time"]

1. d4 d5 2. Nf3 Nf6 3. e3 Bg4 4. h3 Bh5 5. g4 Bg6 6. Ne5 Nbd7 7.
h4 h5 8. Nxg6 fxg6 9. g5 Ne4 10.
Bd3 e5 11. Nd2 exd4 12. Nxe4 dxe4 13. Bxe4 Ne5 14. exd4 Nf7 15. Bxg6 Qd6 16. Bxh5 g6 17. Bf3 O-O-O 18. Be3 Qb4+ 19. Qd2 Qxb2 20. Ke2 Ne5 21. Rab1 Nxf3 22. Rxb2 Nxd2 23. Kxd2 Bg7 24. c3 c5 25. Ke2 cxd4 26. cxd4 Bxd4 27. Rc1+ Kb8 28. Bf4+ Ka8 29. Rd2 Rde8+ 30. Kf3 Bb6 31. Bg3 Rhf8+ 32. Kg2 Rf5 33.
Rdc2 a5 34. Rc8+ Rxc8 35. Rxc8+ Ka7 36. Rg8 Rd5 37. Rxg6 Rd2 38. h5 Rxa2 39. h6 Bd4 40. h7 b5 41. Rg8 b4 42. h8=Q Bxh8 43. Rxh8 b3 44. Be5 Re2 45. Bf6 a4 46. Rh7+ Kb6 47. Rh6 Kb5 48. g6 Re6 49. g7 1-0

[Event "*** SCC Grand Prix: Titled Tuesday Blitz"]
[Site "Chess.com"]
[Date "2020.08.25"]
[Round "8"]
[White "Iskusnyh"]
[Black "Gloomy_Wanderer"]
[Result "1-0"]
[WhiteElo "2607"]
[BlackElo "2755"]
[TimeControl "180+1"]
[EndTime "11:37:14 PDT"]
[Termination "Iskusnyh won on time"]

1. d4 Nf6 2. c4 e6 3. g3 d5 4.
Nf3 dxc4 5. Bg2 Bb4+ 6. Bd2 a5 7. Qc2 Bxd2+ 8. Qxd2 c6 9. a4 Na6 10. Na3 Ne4 11. Qc1 Nd6 12. Nxc4 O-O 13. O-O Nb4 14.
Rd1 b6 15. Nfe5 Nxc4 16. Nxc4 Ba6 17. b3 Ra7 18. Qb2 Qb8 19. Rac1 Rc7 20. Ne5 Rfc8 21. Bf3 f6 22. Nc4 Rd8 23. h4 Rcd7 24. Bg4 Re7 25. Qb1 Rdd7 26. h5 Qd8 27. Bf3 Re8 28.
Be4 Rxd4 29. Bxh7+ Kh8 30. Bg6 Rf8 31. e3 Rd5 32. Be4 Qe8 33. Bf3 Qb8 34. Kg2 Rfd8 35. Qg6 Rg5 36. Qe4 e5 37. Rxd8+ Qxd8 38. Rd1 Qf8 39.
Nd6 Bd3 40. Rxd3 Nxd3 41. Qxd3 f5 42. e4 f4 43. Nf5 fxg3 44. fxg3 g6 45. hxg6 Rxg6 46.
Nh4 Rf6 47. Nf5 Rg6 48. Qd2 Qf6 49. Qd7 Qf8 50. Qc7 c5 51. Qxe5+ Qf6 52. Qe8+ 1-0

[Event "*** SCC Grand Prix: Titled Tuesday Blitz"]
[Site "Chess.com"]
[Date "2020.08.25"]
[Round "8"]
[White "penguingm1"]
[Black "Anton_Demchenko"]
[Result "1/2-1/2"]
[WhiteElo "2989"]
[BlackElo "2851"]
[TimeControl "180+1"]
[EndTime "11:37:15 PDT"]
[Termination "Game drawn by repetition"]

1. d4 Nf6 2. c4 d6 3. Nc3 e5 4.
Nf3 Nc6 5. d5 Ne7 6. e4 Ng6 7. h4 Be7 8. h5 Nf8 9. Be2 N8d7 10. Nh4 Nc5 11. Nf5 Bxf5 12. exf5 h6 13. Be3 O-O 14. Qd2 Nfe4 15. Nxe4 Nxe4 16. Qc2 Nc5 17.
Bxc5 dxc5 18. Qe4 Bf6 19. O-O a5 20. a4 Ra6 21. Rfd1 Rb6 22. Rd2 Qd6 23. Bd3 Ra8 24. Rb1 Kf8 25. b3 Re8 26. Bc2 Ke7 27. Re1 Kd8 28.
Rde2 Kc8 29. Qg4 Kb8 30. f4 e4 31. Rxe4 Rxe4 32. Rxe4 Ra6 33. g3 Ra8 34. Qe2 Ka7 35. Kg2 Rd8 36. g4 c6 37. Qd2 Kb6 38. g5 Bd4 39. Qe2 cxd5 40. cxd5 Qxd5 41. g6 fxg6 42. fxg6 Ka7 43. Kg3 Rd6 44. Re7 Bf6 45. Re3 Rb6 46.
Be4 Qd4 47. Bf3 Rb4 48. Re4 Qc3 49. Rxb4 Qxb4 50. Qc4 Qxc4 51. bxc4 Kb6 52. Kg4 Kc7 53. Kf5 b6 54. Ke6 Bd4 55. Bd5 Bf6 56. Kf7 Bd4 57.
Ke6 Bf6 58. Kf7 Bd4 59. Ke6 1/2-1/2

[Event "*** SCC Grand Prix: Titled Tuesday Blitz"]
[Site "Chess.com"]
[Date "2020.08.25"]
[Round "8"]
[White "Beltraxtor"]
[Black "cassoulet"]
[Result "0-1"]
[WhiteElo "2549"]
[BlackElo "2720"]
[TimeControl "180+1"]
[EndTime "11:37:15 PDT"]
[Termination "cassoulet won by resignation"]

1. e4 c5 2. Nf3 Nc6 3. Bb5 g6 4. Bxc6 bxc6 5. O-O Bg7 6. Re1 d6 7. h3 Nh6 8. c3 O-O 9. d4 cxd4 10. cxd4 f6 11.
Nc3 Nf7 12. Be3 Rb8 13. b3 Qa5 14. Rc1 Ba6 15. Qd2 Rfd8 16. Rc2 e5 17. Rec1 Bb7 18. dxe5 fxe5 19. Ng5 Nxg5 20. Bxg5 Rd7 21. Qe2 Rf8 22.
Nd1 Rdf7 23. Bd2 Qd8 24. Rxc6 Bxc6 25. Rxc6 d5 26. Bb4 Re8 27. Nc3 dxe4 28. Nxe4 Qd5 29. Rc5 Qd7 30. Qc4 Kh8 31. Rd5 Qf5 32. Bd2 Rc8 33.
Qd3 Rff8 34. Be3 Rc7 35. f3 Qc8 36. Bc5 Rg8 37. b4 h6 38. a4 Kh7 39. a5 Qf5 40.
b5 Rb8 41. b6 axb6 42. axb6 Rcb7 43. Rd6 Ra8 44. Qd5 Ra1+ 45. Kf2 Rf7 46. Rd7 Rxd7 47. Qc6 Ra2+ 48. Kg1 Rd1+ 49. Kh2 Qf4+ 50. Ng3 Qd2 51. f4 exf4 52. Nh5 Qd5 53. Qxd5 Rxd5 54. Nxg7 Kxg7 55. b7 Rb2 0-1

[Event "*** SCC Grand Prix: Titled Tuesday Blitz"]
[Site "Chess.com"]
[Date "2020.08.25"]
[Round "8"]
[White "Kopytkin"]
[Black "PauloCesarCosta_sad"]
[Result "0-1"]
[WhiteElo "2410"]
[BlackElo "2284"]
[TimeControl "180+1"]
[EndTime "11:37:15 PDT"]
[Termination "PauloCesarCosta_sad won by checkmate"]

1. e4 e6 2. d4 d5 3. e5 c5 4.
c3 Qb6 5. Nf3 Bd7 6. a3 Bb5 7.
c4 dxc4 8. Nc3 Nc6 9. d5 exd5 10. Nxd5 Qa5+ 11. Bd2 Qd8 12. Nc3 Ba6 13. Qa4 Qa5 14.
Qc2 Nd4 15. Qe4 O-O-O 16. O-O-O f5 17. Qf4 Ne7 18. h4 Qc7 19. Be2 Nd5 20. Nxd5 Nxe2+ 21. Kb1 Qd7 22. Bc3 Nxf4 23. Nxf4 Qxd1+ 24. Rxd1 Rxd1+ 25. Kc2 Rh1 26. Nd5 b6 27. Ng5 Bb7 28. Ne3 Be7 29. Nf7 Rf8 30. e6 Rxh4 31. Nxf5 Be4+ 32. Kd2 Bxf5 33.
Bxg7 Bg6 34. Bxf8 Bxf8 35. Ne5 Bh6+ 36. Ke2 Bf8 37. Nc6 Re4+ 38. Kf3 Rxe6 39. Nxa7+ Kb7 40. Nb5 Be8 41. Nc3 Bc6+ 42. Kf4 Bg7 43. Kf5 Bxc3 44. Kxe6 Bxb2 45. a4 Bxg2 46. a5 Bd4 47. f4 bxa5 48. f5 a4 49. Kd6 c3 50. Ke6 c4 51. f6 c2 52. Kd6 Bxf6 53. Kc5 c1=Q 54. Kb4 Qb2+ 55.
Kc5 Qb6+ 56. Kxc4 Qc6+ 57. Kb4 Bc3+ 58. Ka3 Qc5+ 59. Ka2 Ba5 60. Kb1 Be4+ 61. Ka2 Qc4+ 62. Ka1 Bc3# 0-1

[Event "*** SCC Grand Prix: Titled Tuesday Blitz"]
[Site "Chess.com"]
[Date "2020.08.25"]
[Round "8"]
[White "UCantHandleDenker"]
[Black "K_A_S_T_O_R"]
[Result "1/2-1/2"]
[WhiteElo "2586"]
[BlackElo "2716"]
[TimeControl "180+1"]
[EndTime "11:37:19 PDT"]
[Termination "Game drawn by stalemate"]

1. Nf3 c5 2. g3 b6 3. Bg2 Bb7 4. O-O Nf6 5. c4 e6 6. Nc3 a6 7. d4 cxd4 8. Qxd4 d6 9. Rd1 Nbd7 10. Bg5 Be7 11. Rac1 Rc8 12. b3 O-O 13. Qd2 Qc7 14. Bf4 Ne8 15. Qe3 Qd8 16. Bg5 Nef6 17. Bxf6 Nxf6 18.
Nd4 Bxg2 19. Kxg2 Qc7 20. a4 Rfe8 21. Qd3 Nd7 22. Ne4 Nc5 23. Qf3 Red8 24. Nc2 Qb7 25. Nxc5 Qxf3+ 26. Kxf3 bxc5 27. b4 cxb4 28. Nxb4 d5 29.
Nxa6 Rc6 30. cxd5 Rxa6 31. dxe6 fxe6 32. Rxd8+ Bxd8 33. Rc8 Rd6 34. Ra8 Kf7 35. e3 Bb6 36.
h4 Rd7 37. a5 Ra7 38. Rxa7+ Bxa7 39. Ke4 Kf6 40. g4 h6 41. f4 g6 42. Kd3 h5 43.
gxh5 gxh5 44. Ke4 Bc5 45. a6 Ba7 46. Kf3 e5 47. Ke4 exf4 48. exf4 Bb6 49. Kf3 Kf5 50. Kg2 Kxf4 51. Kh1 Kg4 52. a7 Bxa7 53. Kg2 Kxh4 54. Kh1 Kg4 55. Kg2 h4 56. Kh1 h3 57. Kh2 Bb8+ 58.
Kh1 Bg3 59. Kg1 h2+ 60. Kh1 Kf3 1/2-1/2

[Event "*** SCC Grand Prix: Titled Tuesday Blitz"]
[Site "Chess.com"]
[Date "2020.08.25"]
[Round "8"]
[White "AlexTriapishko"]
[Black "WPWPWP-2015"]
[Result "1-0"]
[WhiteElo "2711"]
[BlackElo "2490"]
[TimeControl "180+1"]
[EndTime "11:37:19 PDT"]
[Termination "AlexTriapishko won by resignation"]

1. e4 e5 2. Bc4 Nf6 3. d3 c6 4. Nf3 Be7 5. O-O d6 6. h3 O-O 7. a4 Be6 8. Bxe6 fxe6 9. Re1 Qe8 10. c3 Nbd7 11. Nbd2 Nh5 12. Nf1 Qg6 13. N3h2 Bh4 14. Be3 Bg5 15. Qg4 Bxe3 16. Nxe3 Nf4 17. Qxg6 Nxg6 18.
g3 Rf7 19. b4 d5 20. a5 a6 21. Kg2 Raf8 22. Ra2 Nf6 23. Neg4 Nd7 24. h4 h5 25. Ne3 Nf6 26. Nef1 Rd8 27. Nf3 Ng4 28. Ng5 Rf6 29.
f3 Nh6 30. Ne3 Nf7 31. Nxf7 Rxf7 32. c4 dxe4 33. dxe4 Rd3 34. Rb2 Rfd7 35. Ree2 Ra3 36. c5 Rd4 37. Nc2 Rc3 38. Nxd4 exd4 39. Rec2 Ra3 40. Ra2 Rb3 41. Rcb2 Rc3 42. Rd2 e5 43. Rac2 Rb3 44. Rc4 Re3 45. Kf2 Kf7 46. f4 exf4 47. gxf4 Rxe4 48. Rcxd4 Rxf4+ 49. Rxf4+ Nxf4 50. Rd7+ Kf6 51.
Rxb7 Nd5 52. Rb6 Ke5 53. Rxa6 Nxb4 54. Rb6 Nd3+ 55. Ke3 Nxc5 56. Rxc6 Nb7 57. a6 Nd8 58. Rb6 1-0

[Event "*** SCC Grand Prix: Titled Tuesday Blitz"]
[Site "Chess.com"]
[Date "2020.08.25"]
[Round "8"]
[White "KaterinaMiroshnik"]
[Black "Borsuk_Konstantin"]
[Result "1-0"]
[WhiteElo "2447"]
[BlackElo "2533"]
[TimeControl "180+1"]
[EndTime "11:37:19 PDT"]
[Termination "KaterinaMiroshnik won on time"]

1. d3 c5 2. Nd2 g6 3. Ngf3 Bg7 4. e4 Nc6 5. Be2 e6 6. O-O Nge7 7. c3 O-O 8. Re1 b5 9. Qc2 d6 10. Nf1 b4 11. Bf4 bxc3 12. bxc3 h6 13. h3 g5 14. Bg3 f5 15. exf5 exf5 16. N1d2 f4 17. Bh2 d5 18. Nb3 Qd6 19. Nfd2 a5 20. a4 Kh8 21. Bf3 Bf5 22. Bg4 c4 23. Nc1 Nb4 24. Qb2 Nxd3 25. Nxd3 cxd3 26. Nf3 Be4 27. Nd4 Nc6 28. Nb5 Qc5 29.
Kh1 f3 30. g3 Rab8 31. Rac1 Na7 32. Qd2 Nxb5 33. axb5 Qxb5 34. Qe3 Qb2 35. Rcd1 Qxc3 36. h4 Qd4 37. Qd2 Rb2 38. Qe3 Qxe3 39. Rxe3 a4 40.
hxg5 a3 41. Ree1 hxg5 42. Be6 d2 43. Rf1 a2 44. g4 Bb1 45. Bxd5 a1=Q 46. Bd6 Rb6 47. Bxf8 Rh6+ 48. Kg1 Qe5 49. Bd6 Qxd6 50. Bxf3 1-0

[Event "*** SCC Grand Prix: Titled Tuesday Blitz"]
[Site "Chess.com"]
[Date "2020.08.25"]
[Round "8"]
[White "OparinGrigoriy"]
[Black "BeanScreen"]
[Result "0-1"]
[WhiteElo "2956"]
[BlackElo "2704"]
[TimeControl "180+1"]
[EndTime "11:37:20 PDT"]
[Termination "BeanScreen won on time"]

1. d4 d5 2. Nf3 Nf6 3. c4 dxc4 4. e3 a6 5. Bxc4 e6 6. O-O c5 7. a4 Nc6 8. Nc3 cxd4 9. exd4 Be7 10. Re1 Nb4 11.
Bg5 O-O 12. Qe2 Bd7 13. Rad1 Bc6 14. Ne5 h6 15. Bh4 Nfd5 16. Bxe7 Qxe7 17. Ne4 Bxa4 18. b3 Bc6 19. Nxc6 bxc6 20. Qg4 f5 21. Qg6 fxe4 22. Rxe4 Qf6 23. Qg3 Rf7 24. Rde1 Raf8 25. f3 Nc2 26. Rd1 Nde3 27. Rxe6 Qd8 28. Rd6 Qe7 29.
Bxf7+ Qxf7 30. Rd2 Nf5 31. Qf4 Nxd6 32. Qxd6 Qxb3 33.
h4 Qe3+ 34. Rf2 Nxd4 35. Qb4 Ne2+ 36. Kf1 Ng3+ 37. Kg1 Rf4 38. Qb8+ Kh7 39. Qb1+ Kg8 40. Qb8+ Rf8 41. Qxg3 a5 42. Kh2 Qf4 43. Ra2 a4 44.
Ra3 Qxg3+ 45. Kxg3 Ra8 46. Kf4 Kf7 47. Ke5 Ke7 48. Kd4 Kd6 49. g4 c5+ 50. Kc4 Kc6 51. f4 Kd6 52. f5 Ke5 53. Kxc5 Kf4 54. g5 hxg5 55. hxg5 Kxf5 56. Kb6 Kxg5 57. Kb7 Ra5 58. Kb6 Rf5 59. Rxa4 Rf4 60. Ra1 Rc4 61. Kb5 Rc3 62. Rg1+ Kf6 63. Rf1+ Ke5 64. Re1+ Kf4 0-1

[Event "*** SCC Grand Prix: Titled Tuesday Blitz"]
[Site "Chess.com"]
[Date "2020.08.25"]
[Round "8"]
[White "Unkreativ3"]
[Black "Playgood28"]
[Result "1-0"]
[WhiteElo "2506"]
[BlackElo "2343"]
[TimeControl "180+1"]
[EndTime "11:37:21 PDT"]
[Termination "Unkreativ3 won on time"]

1. d4 f5 2. c4 Nf6 3. g3 g6 4.
Bg2 Bg7 5. Nf3 d6 6. O-O O-O 7.
d5 c6 8. dxc6 bxc6 9. Nc3 e5 10.
b3 Qc7 11. Ba3 Rd8 12. Qc2 a5 13. Rad1 Na6 14. Na4 Nb4 15. Bxb4 axb4 16. c5 d5 17.
Ne1 Ba6 18. Nd3 Bxd3 19. exd3 e4 20. Rfe1 Nd7 21. dxe4 fxe4 22. f3 exf3 23. Bxf3 Ne5 24. Bg2 Rf8 25. Qd2 Rab8 26. Rf1 Rxf1+ 27. Rxf1 Qe7 28. Kh1 h5 29. Re1 Kh7 30. h3 h4 31.
g4 Qf6 32. Rf1 Qe7 33. Qe1 Rf8 34. Rxf8 Bxf8 35. Qxb4 Qf6 36. Qe1 Bh6 37. Qf1 Bf4 38.
Nb2 g5 39. Nd3 Kh6 40. Nxe5 Qxe5 41. Bf3 Qb2 42. Qe2 Qc1+ 43. Kg2 Qxc5 44. a4 Qc3 45. Qa2 Be5 46. a5 Qd4 47. a6 Qf4 48. Qe2 Qg3+ 49.
Kf1 Qxh3+ 50. Bg2 Qxb3 51. Qxe5 Qb1+ 52. Kf2 1-0

[Event "*** SCC Grand Prix: Titled Tuesday Blitz"]
[Site "Chess.com"]
[Date "2020.08.25"]
[Round "8"]
[White "IngOscarArdila"]
[Black "ClydeHillKid"]
[Result "0-1"]
[WhiteElo "2188"]
[BlackElo "2348"]
[TimeControl "180+1"]
[EndTime "11:37:21 PDT"]
[Termination "ClydeHillKid won by resignation"]

1. d4 d5 2. Nf3 Nf6 3. g3 e6 4. Bg2 Be7 5. O-O O-O 6. Nbd2 Nbd7 7. Re1 c5 8. c3 b5 9. e3 b4 10. dxc5 Nxc5 11. Nb3 bxc3 12. bxc3 Ba6 13. Nxc5 Bxc5 14. Nd4 Qd7 15. Nb3 Bd6 16. Bb2 Rfc8 17. Qd2 Rab8 18. Rac1 Bc4 19. Qc2 Qa4 20. Ra1 Qb5 21. Bf1 a5 22.
Rab1 Bxb3 23. axb3 Qxb3 24. Qxb3 Rxb3 25. Ba1 Rcb8 26.
Rxb3 Rxb3 27. Bd3 Nd7 28. Bc2 Rb6 29. Kf1 g6 30. Ke2 Kf8 31. Kd3 Nc5+ 32. Kd2 Ke7 33. f3 Be5 34. Ke2 h5 35. Rd1 Nb3 36. Rb1 Nxa1 37.
Rxb6 Nxc2 38. Ra6 Na3 39. Rxa5 Nc4 40. Ra7+ Kf6 41. Kd3 Bd6 42. e4 Ne5+ 43. Ke2 dxe4 44. fxe4 Ng4 45. h3 Ne5 46. g4 hxg4 47. hxg4 Nxg4 48.
c4 Ne5 49. Ra6 Bc5 50. Ra5 Bb4 51. Ra4 Be7 52. Ke3 Bc5+ 53. Kf4 g5+ 54. Kg3 Nd3 55.
Kg4 Ke5 56. Kxg5 Kxe4 57. Kf6 Ne5 58. Ra5 Bd4 59. Rxe5+ Bxe5+ 60. Kxf7 Kf5 61. c5 Bb8 62. c6 e5 0-1

[Event "*** SCC Grand Prix: Titled Tuesday Blitz"]
[Site "Chess.com"]
[Date "2020.08.25"]
[Round "8"]
[White "Witik"]
[Black "abykhovsky"]
[Result "0-1"]
[WhiteElo "2656"]
[BlackElo "2779"]
[TimeControl "180+1"]
[EndTime "11:37:22 PDT"]
[Termination "abykhovsky won by checkmate"]

1. d4 Nf6 2. Bf4 g6 3. Nf3 Bg7 4. Nc3 d5 5. e3 O-O 6. Be2 c5 7. dxc5 Qa5 8. Nd2 Qxc5 9. Nb3 Qb6 10. Nb5 Na6 11. Be5 Bf5 12. O-O Rfc8 13. c3 Qd8 14. a4 Nb8 15. N5d4 Nbd7 16. Nxf5 gxf5 17. Bf4 e6 18. a5 a6 19. h3 Ne4 20. Bh2 Ndc5 21. Nd4 Nd7 22. Bd3 Ne5 23. Bxe5 Bxe5 24.
Qh5 Bg7 25. Rfd1 Qf6 26. Ne2 Rc5 27. Nf4 Rac8 28. Qe2 Bf8 29. f3 Ng3 30. Qf2 Qg5 31. Kh2 Nh5 32. Nxh5 Qxh5 33. g4 fxg4 34. fxg4 Bd6+ 35.
Kg2 Qe5 36. Rh1 Rf8 37. h4 Bc7 38. Rh3 Rxa5 39. Rf1 Ra2 40. g5 b5 41. Kh1 b4 42.
Rf3 Qg7 43. Bb1 Ra1 44. Bxh7+ Qxh7 45. Rxa1 a5 46. cxb4 axb4 47. Rf1 Qe4 48. Kg1 Qg4+ 49. Qg2 Qe4 50. h5 Bb6 51. g6 Bxe3+ 52. Kh1 f5 53.
Rh3 Qxg2+ 54. Kxg2 d4 55. h6 e5 56.
g7 Re8 57. Kf3 Kh7 58. Rb1 e4+ 59. Ke2 f4 60. Ra1 f3+ 61. Kf1 Rc8 62. Ra7 Rc1# 0-1

[Event "*** SCC Grand Prix: Titled Tuesday Blitz"]
[Site "Chess.com"]
[Date "2020.08.25"]
[Round "8"]
[White "Flawless_Fighter"]
[Black "londonkid"]
[Result "0-1"]
[WhiteElo "2560"]
[BlackElo "2468"]
[TimeControl "180+1"]
[EndTime "11:37:22 PDT"]
[Termination "londonkid won on time"]

1. e4 e6 2. d4 d5 3. Nc3 Nf6 4.
e5 Nfd7 5. f4 c5 6. Nf3 Nc6 7.
Be3 a6 8. Qd2 b5 9. g3 Be7 10. Bg2 O-O 11. O-O b4 12. Ne2 a5 13.
Rae1 Ba6 14. Rf2 a4 15. c3 a3 16. cxb4 cxd4 17. Bxd4 Bxb4 18. Bc3 Bxc3 19. bxc3 Nc5 20.
Nfd4 Nxd4 21. Nxd4 Nd3 22. f5 Nxf2 23. Qxf2 exf5 24.
Nxf5 Bd3 25. Nd6 Be4 26. Bxe4 dxe4 27. Rxe4 Qc7 28. Qd4 Rab8 29. Rg4 Rb1+ 30. Kg2 Qc6+ 31. Kh3 Rg1 32. Qxg1 Qxc3 33. Qd4 Qc1 34. e6 Qf1+ 35. Kh4 f6 36. e7 g5+ 37. Rxg5+ fxg5+ 38. Kxg5 Qc1+ 39.
Kg4 Qd1+ 40. Kg5 Qxd4 41. exf8=Q+ Kxf8 42. Nf5 Qd5 43. Kf4 Qc4+ 44. Kg5 Qb5 45. Kf4 Qb2 46. Nd4 Qxa2 47. Ke4 Qb1+ 48. Kd5 a2 49. Ne6+ Ke7 50. Nc5 a1=Q 51. Kc6 Qd1 0-1

[Event "*** SCC Grand Prix: Titled Tuesday Blitz"]
[Site "Chess.com"]
[Date "2020.08.25"]
[Round "8"]
[White "Brave_spirit12"]
[Black "praveenb2002"]
[Result "0-1"]
[WhiteElo "2540"]
[BlackElo "2749"]
[TimeControl "180+1"]
[EndTime "11:37:23 PDT"]
[Termination "praveenb2002 won by checkmate"]

1. e4 c5 2. c3 d5 3. exd5 Qxd5 4. Nf3 Nc6 5. Be2 Bg4 6. O-O e5 7. d4 e4 8. Ne5 Bxe2 9. Qxe2 cxd4 10. Nxc6 d3 11.
Qe3 bxc6 12. Nd2 f5 13. b3 Nf6 14. Bb2 Bc5 15. Qg5 O-O 16. c4 Qd7 17. Bxf6 Rxf6 18.
Nxe4 fxe4 19. Qxc5 Rg6 20. Qe3 Qg4 21. g3 Rh6 22. f3 Qh3 23. Rf2 exf3 24. Qxf3 Rf6 25.
Qg2 Qe6 26. Rd1 Rd8 27. h4 Qe3 28. Rd2 Qe1+ 29. Qf1 Qe3 30. Kg2 Rdf8 31. Rxf6 Rxf6 32. Rf2 d2 33. Rxf6 gxf6 34. Qd1 Kf8 35. Qg4 Qd3 36. Qc8+ Kf7 37. Qc7+ Kg6 38. h5+ Kxh5 39. Qf7+ Kg5 40. Qg7+ Qg6 41. Qd7 Qe4+ 42. Kh2 Qe2+ 43. Kh3 d1=Q 44.
Qg7+ Kf5 45. Qxh7+ Ke6 46. Qg8+ Kd6 47. Qd8+ Kc5 48.
Qa5+ Kd4 49. Qxa7+ Kc3 50. Qa5+ Kc2 51. Qf5+ Qdd3 52.
Qf4 Qh5+ 53. Kg2 Qde2+ 54. Qf2 Qf3+ 55. Kh3 Qexf2 56. Kh4 Q2xg3# 0-1

[Event "*** SCC Grand Prix: Titled Tuesday Blitz"]
[Site "Chess.com"]
[Date "2020.08.25"]
[Round "8"]
[White "FontVella8"]
[Black "Reader777"]
[Result "1/2-1/2"]
[WhiteElo "2497"]
[BlackElo "2672"]
[TimeControl "180+1"]
[EndTime "11:37:23 PDT"]
[Termination "Game drawn by repetition"]

1. e4 c5 2. Nf3 d6 3. d4 cxd4 4. Qxd4 a6 5. Be2 Nc6 6. Qe3 Nf6 7. O-O Bg4 8. Rd1 Qc7 9. h3 Bxf3 10. Bxf3 g6 11.
Nc3 Bg7 12. Be2 O-O 13. a3 Rac8 14. Nd5 Qd8 15. Rb1 Nd7 16. c3 e6 17. Nf4 Qe7 18. Qg3 Nc5 19. f3 Be5 20. Qf2 Rfd8 21. Be3 Bg7 22. h4 h5 23. g3 Ne5 24. Nh3 b5 25. Bg5 Bf6 26. Be3 Nc4 27. Bxc4 bxc4 28. Nf4 Be5 29.
Bd4 Bxf4 30. gxf4 Nd3 31. Qg3 e5 32. fxe5 dxe5 33. Be3 Qe6 34. Rd2 Rb8 35. Rbd1 Rb3 36. Qg2 Rdb8 37. Qg5 Rxb2 38. Rxb2 Rxb2 39. Qd8+ Kh7 40.
Qf8 Qf6 41. Bh6 Rb7 42. Rf1 Rd7 43. Bg5 Qg7 44. Qa8 f6 45. Be3 g5 46. Qxa6 gxh4+ 47. Kh1 Qg3 48. Qe6 Rg7 49. Qf5+ Kg8 50. Qe6+ Kh8 51.
Qe8+ Kh7 52. Qxh5+ Kg8 53. Qe8+ Kh7 54. Qh5+ Kg8 55.
Qe8+ Kh7 56. Qh5+ 1/2-1/2

[Event "*** SCC Grand Prix: Titled Tuesday Blitz"]
[Site "Chess.com"]
[Date "2020.08.25"]
[Round "8"]
[White "cukin84"]
[Black "VinzentSpitzl"]
[Result "0-1"]
[WhiteElo "2061"]
[BlackElo "2376"]
[TimeControl "180+1"]
[EndTime "11:37:24 PDT"]
[Termination "VinzentSpitzl won by resignation"]

1. e4 c6 2. d4 d5 3. exd5 cxd5 4. Bd3 Nc6 5. c3 Qc7 6. h3 Nf6 7. Nf3 e5 8. dxe5 Nxe5 9. Nxe5 Qxe5+ 10. Be3 Bc5 11.
O-O Bxe3 12. fxe3 Qxe3+ 13. Kh1 O-O 14. Na3 Ne4 15. Bxe4 dxe4 16. Nc4 Qc5 17. Nd2 e3 18. Nf3 Bf5 19. Re1 Rfe8 20. Nd4 Be4 21. Qg4 h6 22. Rad1 Rad8 23. Qf4 Bc6 24. Rxe3 Rxe3 25. Qxe3 Re8 26. Qg3 Be4 27. Rf1 Re5 28. Kh2 Rg5 29. Qb8+ Kh7 30. Rf2 Qd5 31. Qf4 Bxg2 32. Qxf7 Be4 33.
Qxd5 Bxd5 34. a3 Re5 35. Re2 Rxe2+ 36. Nxe2 g5 37. Kg3 Kg6 38. Nd4 h5 39. b3 h4+ 40.
Kh2 Kf6 41. c4 Be4 42. b4 Ke5 43. Ne2 Bd3 44. Ng1 Bxc4 45. Nf3+ Kf4 46. Nd4 Ke3 47. Nf5+ Kf4 48. Nd6 Bd5 49. Nb5 a6 50. Nc3 Ke5 51.
Kg1 Kd4 52. Ne2+ Ke3 53. Nc3 Bf3 54. b5 axb5 55. Nxb5 Kf4 56. Nd6 g4 57. hxg4 Kxg4 58. Kh2 Kf4 59. a4 Ke5 60. Nc4+ Kd4 61. Nd6 Kc5 62.
Nf5 Kb4 63. Nxh4 Be4 64. Kg3 Kxa4 65. Kf2 b5 66. Ke3 Bc2 67. Kd2 Be4 68. Kc3 b4+ 69. Kb2 Kb5 70. Kb3 Kc5 71. Kb2 Kc4 72. Kc1 Kc3 73.
Nf3 Bxf3 74. Kb1 b3 75. Ka1 b2+ 76. Kb1 Be4+ 77. Ka2 b1=Q+ 0-1

[Event "*** SCC Grand Prix: Titled Tuesday Blitz"]
[Site "Chess.com"]
[Date "2020.08.25"]
[Round "8"]
[White "BJthechessgod"]
[Black "maxip32"]
[Result "1-0"]
[WhiteElo "2231"]
[BlackElo "2401"]
[TimeControl "180+1"]
[EndTime "11:37:24 PDT"]
[Termination "BJthechessgod won by resignation"]

1. e4 c5 2. Nf3 d6 3. c3 Nf6 4. Be2 g6 5. O-O Bg7 6. Re1 O-O 7. Bf1 Nc6 8. d4 cxd4 9. cxd4 d5 10. e5 Ne4 11. Bd3 Bf5 12. Nc3 Nxc3 13. bxc3 Bxd3 14.
Qxd3 Na5 15. Nd2 Rc8 16. Rb1 Qc7 17. Ba3 Rfe8 18. Bb4 Nc4 19. Nxc4 Qxc4 20. Qxc4 Rxc4 21. a4 Bh6 22. Red1 e6 23. a5 Rec8 24. Bc5 Rc7 25.
Bxa7 Rxc3 26. Bc5 Bf8 27. Bxf8 Kxf8 28. Kf1 Ra3 29. Rb5 Ke8 30. Ke2 Kd7 31. Rd3 Ra2+ 32. Rd2 Ra4 33. Rdb2 Kc8 34. Kd3 Kb8 35. f4 h5 36. g3 Ka7 37. Rb1 Ra2 38. R1b2 Rxb2 39.
Rxb2 Ka6 40. Ra2 Rc1 41. Rb2 h4 42. gxh4 Ra1 43. Rb6+ Ka7 44. Rb5 Ra3+ 45. Ke2 Rh3 46. Kf2 Rxh4 47. Kg3 Rh5 48. Rb6 Rh8 49. Rd6 Rc8 50.
Rd7 Rc4 51. Rxf7 Rxd4 52. Re7 Rd2 53. Rxe6 d4 54. Rxg6 d3 55. Rd6 Rd1 56. e6 d2 57.
Kg2 Re1 58. f5 d1=Q 59. Rxd1 Rxd1 60. f6 Rd6 61. e7 Re6 62. f7 Rg6+ 63. Kh1 Rf6 64.
f8=Q Rxf8 65. exf8=Q 1-0

[Event "*** SCC Grand Prix: Titled Tuesday Blitz"]
[Site "Chess.com"]
[Date "2020.08.25"]
[Round "8"]
[White "Evgeny81"]
[Black "bazar-wokzal"]
[Result "0-1"]
[WhiteElo "2663"]
[BlackElo "2492"]
[TimeControl "180+1"]
[EndTime "11:37:25 PDT"]
[Termination "bazar-wokzal won on time"]

1. Nf3 c5 2. c4 g6 3. g3 Bg7 4. Bg2 Nc6 5. O-O d6 6. Nc3 f5 7. a3 Nf6 8. b4 O-O 9. Rb1 e5 10. d3 h6 11. Ne1 g5 12. Nd5 f4 13. Nc2 Nxd5 14. cxd5 Ne7 15. a4 b6 16. a5 Qe8 17. bxc5 bxc5 18. Na3 Ba6 19. Nc4 Rf6 20. e3 Qf7 21. Qa4 Rd8 22. Bd2 f3 23. Bh1 Qxd5 24. Qb3 Bxc4 25. Qxc4 Qxc4 26. dxc4 e4 27. Rb7 Nc6 28. Rc7 Ne5 29. Rxa7 Nxc4 30. Rd1 Rf7 31.
Ra6 d5 32. Be1 d4 33. Rc6 dxe3 34. Rxd8+ Kh7 35. fxe3 Nxe3 36. Bf2 Bd4 37. Bxe3 Bxe3+ 38. Kf1 Bd4 39. a6 e3 40. Bxf3 Rxf3+ 41. Ke2 Rf2+ 42. Kd3 Rd2+ 43. Kc4 e2 44. Rd7+ Bg7 45. Rxg7+ Kxg7 46. Re6 Ra2 47. Kb5 Kf7 48. Re3 c4 49. Kb6 c3 50. a7 c2 51. Rf3+ Kg6 52. Re3 c1=Q 0-1